Islanders vs Predators (R1)

Created - December 9, 2020 at 19:09

Goals
1 2 3 T
Islanders 2 1 1 4
Predators 3 2 1 6
Shots
1 2 3 T
Islanders 11 4 11 26
Predators 6 9 5 20

1st period

1. Islanders , David Legwand 3 (Joe Thornton 13) at 9:48 (PP)
2. Predators , Mikael Granlund 7 (Alexander Ovechkin 12) at 16:58 (PP)
3. Predators , Mikael Granlund 8 (Alexander Ovechkin 13) at 17:31
4. Predators , Mark Pysyk 4 (Justin Faulk 13) at 18:56
5. Islanders , Vladimir Tarasenko 14 (Zac Rinaldo 4, David Legwand 9) at 19:26

Penalties :
Byron Bitz (Nas) for Holding Stick (Minor) at 3:32, Fedor Tyutin (NYI) for Cross-checking (Minor) at 3:44, Ryan Kesler (Nas) for Tripping (Minor) at 9:15, Alexander Edler (Nas) for Hooking (Minor) at 12:41, Jay Bouwmeester (NYI) for Slashing (Minor) at 16:12, Zac Rinaldo (NYI) for Interference (Minor) at 19:51

2nd period

6. Predators , Mikael Granlund 9 (Alexander Ovechkin 14, Ryan Kesler 15) at 0:10 (PP)
7. Islanders , Maxim Talbot 6 (Dustin Byfuglien 4) at 10:19
8. Predators , Jack Eichel 8 (Alexander Edler 9) at 19:32

Penalties :
Jay Bouwmeester (NYI) for Hooking (Minor) at 1:55, Alexander Ovechkin (Nas) for Holding (Minor) at 10:34, Mikael Granlund (Nas) for Interference (Minor) at 14:41

3rd period

9. Islanders , David Legwand 4 (T.J. Fast 2, Julien Ellis) at 2:39 (PP)
10. Predators , Alexander Edler 4 (Alexander Ovechkin 15, Viktor Fasth) at 18:15 (PP)

Penalties :
Alexander Ovechkin (Nas) for Checking from behind (Major) at 0:29, Viktor Fasth (Nas) for Delaying the game (Minor) at 5:24 - Dmitri Kalinin served the penalty, T.J. Fast (NYI) for Interference (Minor) at 6:31, T.J. Fast (NYI) for Kneeing (Minor) at 10:21, Tomas Plekanec (NYI) for Hooking (Minor) at 14:23, Zac Rinaldo (NYI) for Hooking (Minor) at 17:43

Goalie Stats

Jonathan Quick (NYI), 4 saves from 8 shots - (0.500), 20:10 minutes
Julien Ellis (NYI), 10 saves from 12 shots - (0.833), L, 1-3-0, 39:50 minutes
Viktor Fasth (Nas), 22 saves from 26 shots - (0.846), W, 10-5-1, 60:00 minutes

Players Stats for Islanders

Player Name              G  A  P  +/- PIM S  H  SB GA TA FO     MP     PP MP  PK MP  
------------------------------------------------------------------------------------
Adam Pineault            0  0  0   0  0   2  0  0  0  0  0/0     8:08   0:55   0:00 
Carl Klingberg           0  0  0   0  0   0  2  0  0  0  0/0    11:35   0:55   2:07 
David Legwand            2  1  3  -1  0   3  2  1  1  1  9/14   18:37   5:12   2:07 
Dustin Byfuglien         0  1  1   0  0   0  1  0  0  1  0/0    14:28   0:00   4:22 
Evander Kane             0  0  0  -1  0   3  2  0  2  0  1/2    21:57   6:37   4:55 
Fedor Tyutin             0  0  0   0  2   0  0  0  1  0  0/0    22:23   7:38   1:49 
Jay Bouwmeester          0  0  0  -1  4   0  2  0  0  1  0/0    21:54   5:05   0:18 
Jiri Hudler              0  0  0   1  0   0  1  0  1  0  1/1     7:27   0:00   0:00 
Joe Thornton             0  1  1  -1  0   1  0  1  1  0  13/31  22:33   6:27   4:30 
Justin Falk              0  0  0   0  0   2  0  0  1  0  0/0    15:00   0:00   4:14 
Maxim Talbot             1  0  1   1  0   5  1  0  2  1  4/7    10:54   0:00   2:16 
Mike Brown               0  0  0  -1  0   0  0  1  1  0  0/1    13:50   5:12   0:00 
Ryan Ellis               0  0  0  -1  0   3  2  1  1  2  0/0    28:38   7:39   4:27 
T.J. Fast                0  1  1   0  4   0  1  1  0  1  0/0    18:37   5:04   2:36 
Tomas Fleischmann        0  0  0   1  0   3  2  0  0  0  0/0    12:30   5:12   0:00 
Tomas Plekanec           0  0  0   0  2   0  1  1  0  0  3/6     7:43   0:00   0:00 
Vladimir Tarasenko       1  0  1  -1  0   2  1  0  0  1  2/2    18:34   6:37   0:00 
Zac Rinaldo              0  1  1  -1  4   2  0  1  0  1  0/0    13:32   1:05   1:51 

Players Stats for Predators

Player Name              G  A  P  +/- PIM S  H  SB GA TA FO     MP     PP MP  PK MP  
------------------------------------------------------------------------------------
Alex Killorn             0  0  0   1  0   0  0  0  0  0  0/0     6:01   0:03   0:00 
Alexander Edler          1  1  2   0  2   4  2  2  1  0  0/0    29:04   6:13   5:42 
Alexander Ovechkin       0  4  4   1  7   0  2  0  4  0  3/5    19:13   4:59   0:44 
Andy Miele               0  0  0  -1  0   0  1  1  0  1  5/15   18:34   3:33   6:26 
Brendan Gallagher        0  0  0  -1  0   1  6  0  0  0  1/2    15:47   3:41   2:46 
Byron Bitz               0  0  0   0  2   1  1  0  1  0  0/2    13:01   0:17   3:25 
Dmitri Kalinin           0  0  0   0  0   1  2  0  0  0  0/0    10:45   0:01   1:53 
Jack Eichel              1  0  1   0  0   2  2  0  0  0  2/6     9:25   0:00   0:22 
Jaden Schwartz           0  0  0  -1  0   0  5  1  0  0  0/1    17:40   3:44   4:27 
John Moore               0  0  0   1  0   0  2  0  0  3  0/0    20:13   2:40   5:09 
Justin Abdelkader        0  0  0   0  0   1  2  1  1  2  0/0    10:25   0:20   0:32 
Justin Faulk             0  1  1   1  0   1  0  1  1  1  0/0    15:40   2:40   1:08 
Mark Pysyk               1  0  1   1  0   1  0  1  0  0  0/0    12:31   0:00   6:42 
Mikael Granlund          3  0  3   1  2   6  1  1  0  0  2/2    18:57   5:02   0:00 
Nate Schmidt             0  0  0   0  0   0  0  1  0  1  0/0    14:25   0:00   4:51 
Nik Antropov             0  0  0   1  0   0  0  0  0  1  1/3     5:49   0:00   0:00 
Ryan Kesler              0  1  1   1  2   1  1  0  0  1  17/28  17:02   4:59   0:00 
Ryan Mcdonagh            0  0  0   0  0   1  2  2  1  1  0/0    29:55   6:13   6:45 

3 Stars

1 - Mikael Granlund (Nas)
2 - David Legwand (NYI)
3 - Alexander Edler (Nas)

Power Play

Islanders - 2 on 8 Attempt(s) - 25.00%
Predators - 3 on 8 Attempt(s) - 37.50%

Penalty Kill

Islanders - 5 on 8 Attempt(s) - 62.50% - Score 0 goal in Penalty Kill
Predators - 6 on 8 Attempt(s) - 75.00% - Score 0 goal in Penalty Kill

Team Stat

Islanders - Hits : 18 - Faceoff Wins : 33 - Blocked Shots : 7 - Penalty Minutes : 16
Predators - Hits : 29 - Faceoff Wins : 31 - Blocked Shots : 11 - Penalty Minutes : 17

Official

Referees : Unknown
Linesman : Unknown

Game Notes

Mikael Granlund has scored a Hat Trick!
Julien Ellis enters game at 0:10 of 2nd period

Finance

Level 1 -- Attendance: 6000 (100.00%) -- Ticket Income $630,000
Level 2 -- Attendance: 3943 (78.86%) -- Ticket Income $272,067
Level 3 -- Attendance: 1434 (71.70%) -- Ticket Income $64,530
Level 4 -- Attendance: 3042 (76.05%) -- Ticket Income $106,470
Luxury Box -- Attendance: 839 (83.90%) -- Ticket Income $166,961
Game was played at the Wildcat center.
Total Attendance: 15258 (84.77%)
Total Ticket Income: $1,240,028
Other Income: $186,004
Total Income: $1,426,032

Islanders

5 vs 5 Forward 
   Center                   Left Wing                Right Wing               Time % Phy DF OF 
 1 Joe Thornton             Evander Kane             Mike Brown               32     2   1  2  
 2 David Legwand            Zac Rinaldo              Vladimir Tarasenko       32     1   2  2  
 3 Maxim Talbot             Tomas Fleischmann        Jiri Hudler              19     1   2  2  
 4 Tomas Plekanec           Carl Klingberg           Adam Pineault            17     1   2  2  

5 vs 5 Defense 
   Defense                  Defense                                           Time % Phy DF OF 
 1 Ryan Ellis               Jay Bouwmeester                                   43     1   1  3  
 2 Fedor Tyutin             Dustin Byfuglien                                  32     2   1  2  
 3 T.J. Fast                Justin Falk                                       25     2   2  1  
 4 Ryan Ellis               Fedor Tyutin                                      0      1   2  2  

PowerPlay Forward 
   Center                   Left Wing                Right Wing               Time % Phy DF OF 
 1 Joe Thornton             Evander Kane             Vladimir Tarasenko       60     0   1  4  
 2 David Legwand            Tomas Fleischmann        Mike Brown               40     0   1  4  

PowerPlay Defense
   Defense                  Defense                                           Time % Phy DF OF 
 1 Ryan Ellis               Fedor Tyutin                                      60     0   2  3  
 2 Jay Bouwmeester          T.J. Fast                                         40     0   2  3  

Penalty Kill 4 Players Forward 
   Center                   Wing                     Time % Phy DF OF 
 1 Joe Thornton             Evander Kane             60     2   3  0  
 2 Maxim Talbot             Zac Rinaldo              40     2   3  0  

Penalty Kill 4 Players Defense
   Defense                  Defense                  Time % Phy DF OF 
 1 Ryan Ellis               Justin Falk              60     1   3  1  
 2 Dustin Byfuglien         T.J. Fast                40     2   2  1  

Penalty Kill - 3 Players Forward 
   Forward                                           Time % Phy DF OF 
 1 Evander Kane                                      60     2   3  0  
 2 Tomas Plekanec                                    40     1   4  0  

Penalty Kill - 3 Players Defense
   Defense                  Defense                  Time % Phy DF OF 
 1 Ryan Ellis               Justin Falk              60     2   3  0  
 2 Jay Bouwmeester          T.J. Fast                40     3   2  0  

4 vs 4 Forward 
   Center                   Wing                     Time % Phy DF OF 
 1 Joe Thornton             Vladimir Tarasenko       60     1   1  3  
 2 Maxim Talbot             Evander Kane             40     1   1  3  

4 vs 4 Defense
   Defense                  Defense                  Time % Phy DF OF 
 1 Ryan Ellis               Jay Bouwmeester          60     1   2  2  
 2 Fedor Tyutin             T.J. Fast                40     1   2  2  

Last Minutes Offensive
   Center                   Left Wing                Right Wing               Defense                  Defense                  
   Joe Thornton             Evander Kane             Vladimir Tarasenko       Ryan Ellis               Fedor Tyutin             

Last Minutes Defensive
   Center                   Left Wing                Right Wing               Defense                  Defense                  
   Joe Thornton             Evander Kane             Vladimir Tarasenko       Ryan Ellis               Fedor Tyutin             

Goaltenders
Starting : Jonathan Quick           
Backup : Julien Ellis             

Extra Forwards
Normal : Evander Kane, Maxim Talbot, Vladimir Tarasenko - PP : Evander Kane, Zac Rinaldo - PK : Evander Kane
Extra Defensemen
Normal : Ryan Ellis, Justin Falk, Jay Bouwmeester - PP : Ryan Ellis - PK : Justin Falk, T.J. Fast
Penalty Shots
Evander Kane, Vladimir Tarasenko, Maxim Talbot, Dustin Byfuglien, Joe Thornton

Scratches
R.J. Umberger (Healthy)

Predators

5 vs 5 Forward 
   Center                   Left Wing                Right Wing               Time % Phy DF OF 
 1 Ryan Kesler              Alexander Ovechkin       Mikael Granlund          40     1   2  2  
 2 Andy Miele               Jaden Schwartz           Brendan Gallagher        30     1   2  2  
 3 Jack Eichel              Justin Abdelkader        Byron Bitz               18     1   2  2  
 4 Nik Antropov             Alex Killorn             Mark Pysyk               12     1   2  2  

5 vs 5 Defense 
   Defense                  Defense                                           Time % Phy DF OF 
 1 Ryan Mcdonagh            Alexander Edler                                   40     1   2  2  
 2 John Moore               Justin Faulk                                      30     1   2  2  
 3 Dmitri Kalinin           Nate Schmidt                                      20     1   2  2  
 4 Ryan Mcdonagh            Alexander Edler                                   10     1   2  2  

PowerPlay Forward 
   Center                   Left Wing                Right Wing               Time % Phy DF OF 
 1 Ryan Kesler              Alexander Ovechkin       Mikael Granlund          60     1   2  2  
 2 Andy Miele               Jaden Schwartz           Brendan Gallagher        40     1   2  2  

PowerPlay Defense
   Defense                  Defense                                           Time % Phy DF OF 
 1 Ryan Mcdonagh            Alexander Edler                                   60     1   2  2  
 2 John Moore               Justin Faulk                                      40     1   2  2  

Penalty Kill 4 Players Forward 
   Center                   Wing                     Time % Phy DF OF 
 1 Andy Miele               Mark Pysyk               60     1   2  2  
 2 Jaden Schwartz           Byron Bitz               40     1   2  2  

Penalty Kill 4 Players Defense
   Defense                  Defense                  Time % Phy DF OF 
 1 Ryan Mcdonagh            Alexander Edler          60     1   2  2  
 2 John Moore               Nate Schmidt             40     1   2  2  

Penalty Kill - 3 Players Forward 
   Forward                                           Time % Phy DF OF 
 1 Alexander Ovechkin                                60     1   2  2  
 2 Mikael Granlund                                   40     1   2  2  

Penalty Kill - 3 Players Defense
   Defense                  Defense                  Time % Phy DF OF 
 1 Ryan Mcdonagh            Alexander Edler          60     1   2  2  
 2 John Moore               Nate Schmidt             40     1   2  2  

4 vs 4 Forward 
   Center                   Wing                     Time % Phy DF OF 
 1 Alexander Ovechkin       Mikael Granlund          60     1   2  2  
 2 Jaden Schwartz           Brendan Gallagher        40     1   2  2  

4 vs 4 Defense
   Defense                  Defense                  Time % Phy DF OF 
 1 Ryan Mcdonagh            Alexander Edler          60     1   2  2  
 2 John Moore               Justin Faulk             40     1   2  2  

Last Minutes Offensive
   Center                   Left Wing                Right Wing               Defense                  Defense                  
   Ryan Kesler              Alexander Ovechkin       Mikael Granlund          Ryan Mcdonagh            Alexander Edler          

Last Minutes Defensive
   Center                   Left Wing                Right Wing               Defense                  Defense                  
   Ryan Kesler              Alexander Ovechkin       Mikael Granlund          Ryan Mcdonagh            Alexander Edler          

Goaltenders
Starting : Viktor Fasth             
Backup : Anders Lindback          

Extra Forwards
Normal : Andy Miele, Justin Abdelkader, Nik Antropov - PP : Andy Miele, Justin Abdelkader - PK : Brendan Gallagher
Extra Defensemen
Normal : Dmitri Kalinin, Nate Schmidt, John Moore - PP : Dmitri Kalinin - PK : Justin Faulk, John Moore
Penalty Shots
Jaden Schwartz, Ryan Kesler, Alexander Ovechkin, Jack Eichel, Ryan Mcdonagh

Scratches
None


% Time on Ice - Islanders

Lines # - Real PCT - Wanted PCT - Time Play
Normal Forward
1 - 30% - 32% - 10:43
2 - 30% - 32% - 10:37
3 - 21% - 19% - 7:27
4 - 19% - 17% - 6:57
Normal Defense
1 - 46% - 43% - 16:29
2 - 29% - 32% - 10:21
3 - 25% - 25% - 8:54
4 - 0% - 0% - 0:00
PP Forward
1 - 53% - 60% - 6:45
2 - 47% - 40% - 5:59
PP Defense
1 - 60% - 60% - 7:39
2 - 40% - 40% - 5:05
PK Forward
1 - 74% - 60% - 6:37
2 - 26% - 40% - 2:16
PK Defense
1 - 59% - 60% - 5:14
2 - 41% - 40% - 3:39
PK3 Forward
1 - 0% - 60%
2 - 0% - 40%
PK3 Defense
1 - 0% - 60%
2 - 0% - 40%
44 Forward
1 - 75% - 60% - 2:00
2 - 25% - 40% - 0:39
44 Defense
1 - 65% - 60% - 1:44
2 - 35% - 40% - 0:55
Last Minute Offensive  - 0:00
Last Minute Defensive  - 0:00
Total
Forward - 60:00
Defense - 60:00

% Time on Ice - Predators

Lines # - Real PCT - Wanted PCT - Time Play
Normal Forward
1 - 34% - 40% - 12:13
2 - 24% - 30% - 8:39
3 - 25% - 18% - 9:03
4 - 16% - 12% - 5:49
Normal Defense
1 - 42% - 40% - 14:51
2 - 33% - 30% - 11:43
3 - 25% - 20% - 8:51
4 - 1% - 10% - 0:19
PP Forward
1 - 57% - 60% - 5:02
2 - 43% - 40% - 3:51
PP Defense
1 - 70% - 60% - 6:13
2 - 30% - 40% - 2:40
PK Forward
1 - 73% - 60% - 9:15
2 - 27% - 40% - 3:25
PK Defense
1 - 62% - 60% - 7:49
2 - 38% - 40% - 4:51
PK3 Forward
1 - 100% - 60% - 0:04
2 - 0% - 40% - 0:00
PK3 Defense
1 - 100% - 60% - 0:04
2 - 0% - 40% - 0:00
44 Forward
1 - 64% - 60% - 1:41
2 - 36% - 40% - 0:58
44 Defense
1 - 75% - 60% - 2:00
2 - 25% - 40% - 0:39
Last Minute Offensive  - 0:00
Last Minute Defensive  - 0:00
Total
Forward - 60:00
Defense - 60:00

Play-by-Play

1st period


0:01 of 1st period - Ryan Kesler wins face-off versus Joe Thornton in neutral zone.
0:54 of 1st period - Ryan Ellis is hit by John Moore and loses puck.
1:14 of 1st period - Slapshot by Nik Antropov.
1:14 of 1st period - Shot Misses the Net.
1:16 of 1st period - Wrist shot by John Moore.
1:16 of 1st period - Shot Misses the Net.
1:44 of 1st period - T.J. Fast is hit by Jaden Schwartz and loses puck.
2:24 of 1st period - Icing by Alex Killorn.
2:25 of 1st period - David Legwand wins face-off versus Nik Antropov in Predators zone.
2:28 of 1st period - Wrist shot by Vladimir Tarasenko.
2:28 of 1st period - Deflect By David Legwand.
2:28 of 1st period - Stopped by Viktor Fasth without a rebound.
2:29 of 1st period - Mikael Granlund wins face-off versus David Legwand in Predators zone.
3:32 of 1st period - Minor Penalty to Byron Bitz for Holding Stick.
3:33 of 1st period - Andy Miele wins face-off versus Joe Thornton in Predators zone.
3:44 of 1st period - Minor Penalty to Fedor Tyutin for Cross-checking.
3:45 of 1st period - Alexander Ovechkin wins face-off versus Joe Thornton in Islanders zone.
3:52 of 1st period - Slapshot by Alexander Ovechkin.
3:52 of 1st period - Shot Misses the Net.
4:18 of 1st period - Jaden Schwartz is hit by T.J. Fast and loses puck.
5:03 of 1st period - Vladimir Tarasenko is hit by John Moore and loses puck.
5:32 of 1st period - Penalty to Byron Bitz is over, Byron Bitz is back on ice.
5:44 of 1st period - Penalty to Fedor Tyutin is over, Fedor Tyutin is back on ice.
6:10 of 1st period - David Legwand is hit by Dmitri Kalinin and loses puck.
6:19 of 1st period - Slapshot by Mark Pysyk.
6:19 of 1st period - Deflect By Evander Kane.
6:19 of 1st period - Shot Blocked by David Legwand.
6:19 of 1st period - Puck is out of play.
6:20 of 1st period - Ryan Kesler wins face-off versus Tomas Plekanec in Islanders zone.
6:43 of 1st period - Jaden Schwartz is hit by Tomas Fleischmann and loses puck.
7:28 of 1st period - Snap shot by Adam Pineault.
7:28 of 1st period - Stopped by Viktor Fasth without a rebound.
7:29 of 1st period - Ryan Kesler wins face-off versus Tomas Plekanec in Predators zone.
7:29 of 1st period - Ryan Kesler is hit by Dustin Byfuglien.
7:35 of 1st period - Dustin Byfuglien is hit by Alexander Ovechkin and loses puck.
7:44 of 1st period - Mikael Granlund is hit by Carl Klingberg.
7:56 of 1st period - Adam Pineault is hit by Jack Eichel and loses puck.
8:12 of 1st period - Off-side.
8:13 of 1st period - Evander Kane wins face-off versus Andy Miele in neutral zone.
8:51 of 1st period - Off-side.
8:52 of 1st period - David Legwand wins face-off versus Ryan Kesler in neutral zone.
9:02 of 1st period - Icing by Dustin Byfuglien.
9:03 of 1st period - David Legwand wins face-off versus Ryan Kesler in Islanders zone.
9:15 of 1st period - Minor Penalty to Ryan Kesler for Tripping.
9:16 of 1st period - Andy Miele wins face-off versus Joe Thornton in Predators zone.
9:48 of 1st period - Slapshot by David Legwand.
9:48 of 1st period - Goal by David Legwand - Islanders : 1 - Predators : 0.
9:49 of 1st period - David Legwand wins face-off versus Ryan Kesler in neutral zone.
10:32 of 1st period - Jay Bouwmeester is hit by Justin Abdelkader and loses puck.
10:54 of 1st period - Icing by John Moore.
10:55 of 1st period - Joe Thornton wins face-off versus Andy Miele in Predators zone.
10:56 of 1st period - Snap shot by Evander Kane.
10:56 of 1st period - Shot Misses the Net.
11:02 of 1st period - Snap shot by Evander Kane.
11:02 of 1st period - Stopped by Viktor Fasth with a rebound.
12:02 of 1st period - Slapshot by Fedor Tyutin.
12:02 of 1st period - Shot Misses the Net.
12:08 of 1st period - Slapshot by Alexander Edler.
12:08 of 1st period - Stopped by Jonathan Quick with a rebound.
12:22 of 1st period - Byron Bitz is hit by Vladimir Tarasenko and loses puck.
12:41 of 1st period - Minor Penalty to Alexander Edler for Hooking.
12:42 of 1st period - Joe Thornton wins face-off versus Andy Miele in Predators zone.
14:03 of 1st period - Fedor Tyutin is hit by Jaden Schwartz and loses puck.
14:41 of 1st period - Penalty to Alexander Edler is over, Alexander Edler is back on ice.
15:19 of 1st period - Justin Falk is hit by Jaden Schwartz and loses puck.
15:32 of 1st period - Wrist shot by Maxim Talbot.
15:32 of 1st period - Stopped by Viktor Fasth with a rebound.
15:34 of 1st period - Slapshot by Justin Falk.
15:34 of 1st period - Stopped by Viktor Fasth without a rebound.
15:35 of 1st period - Ryan Kesler wins face-off versus Maxim Talbot in Predators zone.
15:46 of 1st period - Snap shot by Maxim Talbot.
15:46 of 1st period - Shot Blocked by Mikael Granlund.
15:48 of 1st period - Wrist shot by Maxim Talbot.
15:48 of 1st period - Stopped by Viktor Fasth without a rebound.
15:49 of 1st period - Joe Thornton wins face-off versus Ryan Kesler in Predators zone.
15:54 of 1st period - Snap shot by Joe Thornton.
15:54 of 1st period - Shot Misses the Net.
16:01 of 1st period - Ryan Mcdonagh is hit by Evander Kane and loses puck.
16:12 of 1st period - Minor Penalty to Jay Bouwmeester for Slashing.
16:13 of 1st period - Ryan Kesler wins face-off versus Joe Thornton in Islanders zone.
16:26 of 1st period - Snap shot by Joe Thornton.
16:26 of 1st period - Shot Blocked by Alexander Edler.
16:28 of 1st period - Slapshot by Justin Falk.
16:28 of 1st period - Stopped by Viktor Fasth with a rebound.
16:30 of 1st period - Snap shot by Joe Thornton.
16:30 of 1st period - Deflect By Ryan Kesler.
16:30 of 1st period - Shot Misses the Net.
16:30 of 1st period - Puck is out of play.
16:31 of 1st period - Joe Thornton wins face-off versus Brendan Gallagher in Predators zone.
16:42 of 1st period - Snap shot by Jaden Schwartz.
16:42 of 1st period - Deflect By Evander Kane.
16:42 of 1st period - Shot Misses the Net.
16:42 of 1st period - Puck is out of play.
16:43 of 1st period - Joe Thornton wins face-off versus Ryan Kesler in Islanders zone.
16:43 of 1st period - Joe Thornton is hit by Ryan Mcdonagh.
16:58 of 1st period - Slapshot by Mikael Granlund.
16:58 of 1st period - Goal by Mikael Granlund - Islanders : 1 - Predators : 1.
16:59 of 1st period - David Legwand wins face-off versus Ryan Kesler in neutral zone.
17:04 of 1st period - Snap shot by Mikael Granlund.
17:04 of 1st period - Stopped by Jonathan Quick without a rebound.
17:05 of 1st period - Ryan Kesler wins face-off versus David Legwand in Islanders zone.
17:31 of 1st period - Snap shot by Mikael Granlund.
17:31 of 1st period - Goal by Mikael Granlund - Islanders : 1 - Predators : 2.
17:32 of 1st period - Ryan Kesler wins face-off versus Joe Thornton in neutral zone.
18:00 of 1st period - Jay Bouwmeester is hit by Alexander Edler and loses puck.
18:08 of 1st period - Off-side.
18:09 of 1st period - Ryan Kesler wins face-off versus Maxim Talbot in neutral zone.
18:14 of 1st period - Slapshot by Mikael Granlund.
18:14 of 1st period - Shot Misses the Net.
18:22 of 1st period - Tomas Fleischmann is hit by Ryan Kesler and loses puck.
18:35 of 1st period - Fedor Tyutin is hit by Brendan Gallagher and loses puck.
18:56 of 1st period - Wrist shot by Mark Pysyk.
18:56 of 1st period - Goal by Mark Pysyk - Islanders : 1 - Predators : 3.
18:57 of 1st period - Ryan Kesler wins face-off versus Joe Thornton in neutral zone.
19:14 of 1st period - Wrist shot by Evander Kane.
19:14 of 1st period - Stopped by Viktor Fasth without a rebound.
19:15 of 1st period - David Legwand wins face-off versus Andy Miele in Predators zone.
19:20 of 1st period - Snap shot by Vladimir Tarasenko.
19:20 of 1st period - Shot Blocked by Ryan Mcdonagh.
19:22 of 1st period - Snap shot by Zac Rinaldo.
19:22 of 1st period - Stopped by Viktor Fasth with a rebound.
19:24 of 1st period - Snap shot by Zac Rinaldo.
19:24 of 1st period - Shot Misses the Net.
19:26 of 1st period - Wrist shot by Vladimir Tarasenko.
19:26 of 1st period - Goal by Vladimir Tarasenko - Islanders : 2 - Predators : 3.
19:27 of 1st period - Joe Thornton wins face-off versus Ryan Kesler in neutral zone.
19:42 of 1st period - Backhand shot by Alexander Ovechkin.
19:42 of 1st period - Deflect By Ryan Kesler.
19:42 of 1st period - Stopped by Jonathan Quick without a rebound.
19:43 of 1st period - Andy Miele wins face-off versus David Legwand in Islanders zone.
19:51 of 1st period - Minor Penalty to Zac Rinaldo for Interference.
19:52 of 1st period - Joe Thornton wins face-off versus Ryan Kesler in Islanders zone.
19:52 of 1st period - Joe Thornton is hit by Mikael Granlund.
Goals for this period are 2 for Islanders vs 3 for Predators.
Shots for this period are 11 for Islanders vs 6 for Predators.

2nd period


0:01 of 2nd period - Mikael Granlund wins face-off versus Evander Kane in neutral zone.
0:06 of 2nd period - Snap shot by Mikael Granlund.
0:06 of 2nd period - Stopped by Jonathan Quick without a rebound.
0:07 of 2nd period - Ryan Kesler wins face-off versus Joe Thornton in Islanders zone.
0:10 of 2nd period - Snap shot by Mikael Granlund.
0:10 of 2nd period - Goal by Mikael Granlund - Islanders : 2 - Predators : 4.
0:10 of 2nd period - Julien Ellis enters game.
0:11 of 2nd period - Ryan Kesler wins face-off versus Joe Thornton in neutral zone.
0:40 of 2nd period - Zac Rinaldo is hit by Brendan Gallagher and loses puck.
1:27 of 2nd period - Slapshot by Ryan Ellis.
1:27 of 2nd period - Stopped by Viktor Fasth with a rebound.
1:55 of 2nd period - Minor Penalty to Jay Bouwmeester for Hooking.
1:56 of 2nd period - Alexander Ovechkin wins face-off versus Joe Thornton in Islanders zone.
2:36 of 2nd period - Maxim Talbot is hit by Alexander Ovechkin and loses puck.
2:45 of 2nd period - Wrist shot by Alexander Ovechkin.
2:45 of 2nd period - Shot Misses the Net.
3:25 of 2nd period - Evander Kane is hit by Brendan Gallagher.
3:55 of 2nd period - Penalty to Jay Bouwmeester is over, Jay Bouwmeester is back on ice.
4:34 of 2nd period - Jay Bouwmeester is hit by Dmitri Kalinin and loses puck.
4:54 of 2nd period - Justin Faulk is hit by Carl Klingberg and loses puck.
5:13 of 2nd period - Ryan Kesler is hit by Evander Kane and loses puck.
5:24 of 2nd period - Alexander Edler is hit by Jiri Hudler and loses puck.
6:05 of 2nd period - Wrist shot by Justin Abdelkader.
6:05 of 2nd period - Shot Misses the Net.
6:17 of 2nd period - Dustin Byfuglien is hit by Andy Miele and loses puck.
7:19 of 2nd period - Icing by Brendan Gallagher.
7:20 of 2nd period - Tomas Plekanec wins face-off versus Andy Miele in Predators zone.
7:35 of 2nd period - Wrist shot by Adam Pineault.
7:35 of 2nd period - Stopped by Viktor Fasth without a rebound.
7:36 of 2nd period - Ryan Kesler wins face-off versus Mike Brown in Predators zone.
8:07 of 2nd period - Vladimir Tarasenko is hit by Brendan Gallagher and loses puck.
8:12 of 2nd period - Snap shot by Jaden Schwartz.
8:12 of 2nd period - Shot Blocked by Zac Rinaldo.
9:28 of 2nd period - Slapshot by Justin Faulk.
9:28 of 2nd period - Stopped by Julien Ellis with a rebound.
9:30 of 2nd period - Slapshot by Jaden Schwartz.
9:30 of 2nd period - Shot Misses the Net.
9:32 of 2nd period - Slapshot by Brendan Gallagher.
9:32 of 2nd period - Stopped by Julien Ellis without a rebound.
9:33 of 2nd period - David Legwand wins face-off versus Andy Miele in Islanders zone.
9:48 of 2nd period - Snap shot by Vladimir Tarasenko.
9:48 of 2nd period - Shot Blocked by Alexander Edler.
10:19 of 2nd period - Snap shot by Maxim Talbot.
10:19 of 2nd period - Goal by Maxim Talbot - Islanders : 3 - Predators : 4.
10:20 of 2nd period - Ryan Kesler wins face-off versus Joe Thornton in neutral zone.
10:23 of 2nd period - Wrist shot by Mikael Granlund.
10:23 of 2nd period - Stopped by Julien Ellis without a rebound.
10:24 of 2nd period - Joe Thornton wins face-off versus Ryan Kesler in Islanders zone.
10:34 of 2nd period - Minor Penalty to Alexander Ovechkin for Holding.
10:35 of 2nd period - Vladimir Tarasenko wins face-off versus Andy Miele in Predators zone.
11:47 of 2nd period - Ryan Ellis is hit by Jaden Schwartz and loses puck.
12:23 of 2nd period - Tomas Fleischmann is hit by Alexander Edler and loses puck.
12:34 of 2nd period - Penalty to Alexander Ovechkin is over, Alexander Ovechkin is back on ice.
14:04 of 2nd period - Mikael Granlund is hit by Jay Bouwmeester and loses puck.
14:15 of 2nd period - Wrist shot by Dmitri Kalinin.
14:15 of 2nd period - Stopped by Julien Ellis without a rebound.
14:16 of 2nd period - Tomas Plekanec wins face-off versus Jack Eichel in Islanders zone.
14:23 of 2nd period - Carl Klingberg is hit by Byron Bitz and loses puck.
14:28 of 2nd period - Wrist shot by Justin Abdelkader.
14:28 of 2nd period - Shot Blocked by Tomas Plekanec.
14:30 of 2nd period - Snap shot by Alexander Edler.
14:30 of 2nd period - Stopped by Julien Ellis without a rebound.
14:31 of 2nd period - Ryan Kesler wins face-off versus David Legwand in Islanders zone.
14:41 of 2nd period - Minor Penalty to Mikael Granlund for Interference.
14:42 of 2nd period - Andy Miele wins face-off versus Joe Thornton in Predators zone.
15:14 of 2nd period - Slapshot by Ryan Ellis.
15:14 of 2nd period - Shot Misses the Net.
16:06 of 2nd period - Slapshot by Alexander Edler.
16:06 of 2nd period - Deflect By Alexander Ovechkin.
16:06 of 2nd period - Shot Blocked by Mike Brown.
16:06 of 2nd period - Puck is out of play.
16:07 of 2nd period - Joe Thornton wins face-off versus Andy Miele in Islanders zone.
16:13 of 2nd period - Off-side.
16:14 of 2nd period - Vladimir Tarasenko wins face-off versus Andy Miele in neutral zone.
16:17 of 2nd period - Snap shot by Evander Kane.
16:17 of 2nd period - Stopped by Viktor Fasth with a rebound.
16:19 of 2nd period - Slapshot by Ryan Ellis.
16:19 of 2nd period - Shot Blocked by Mark Pysyk.
16:21 of 2nd period - Snap shot by Evander Kane.
16:21 of 2nd period - Shot Blocked by Nate Schmidt.
16:41 of 2nd period - Penalty to Mikael Granlund is over, Mikael Granlund is back on ice.
16:47 of 2nd period - Wrist shot by Mikael Granlund.
16:47 of 2nd period - Shot Misses the Net.
17:19 of 2nd period - Alex Killorn is hit by Tomas Fleischmann and loses puck.
18:37 of 2nd period - Snap shot by Justin Abdelkader.
18:37 of 2nd period - Shot Misses the Net.
18:39 of 2nd period - Slapshot by Alexander Edler.
18:39 of 2nd period - Stopped by Julien Ellis without a rebound.
18:40 of 2nd period - David Legwand wins face-off versus Jack Eichel in Islanders zone.
19:32 of 2nd period - Wrist shot by Jack Eichel.
19:32 of 2nd period - Goal by Jack Eichel - Islanders : 3 - Predators : 5.
19:33 of 2nd period - Ryan Kesler wins face-off versus Joe Thornton in neutral zone.
19:36 of 2nd period - Slapshot by Justin Faulk.
19:36 of 2nd period - Shot Blocked by Joe Thornton.
19:48 of 2nd period - Snap shot by Joe Thornton.
19:48 of 2nd period - Shot Misses the Net.
19:50 of 2nd period - Snap shot by Joe Thornton.
19:50 of 2nd period - Shot Blocked by Justin Faulk.
Goals for this period are 1 for Islanders vs 2 for Predators.
Shots for this period are 4 for Islanders vs 9 for Predators.

3rd period


0:01 of 3rd period - Joe Thornton wins face-off versus Alexander Ovechkin in neutral zone.
0:10 of 3rd period - Slapshot by Ryan Ellis.
0:10 of 3rd period - Stopped by Viktor Fasth without a rebound.
0:11 of 3rd period - Joe Thornton wins face-off versus Ryan Kesler in Predators zone.
0:29 of 3rd period - Major Penalty to Alexander Ovechkin for Checking from behind.
0:30 of 3rd period - Andy Miele wins face-off versus Joe Thornton in Predators zone.
1:04 of 3rd period - Snap shot by Mike Brown.
1:04 of 3rd period - Shot Blocked by Jaden Schwartz.
1:06 of 3rd period - Slapshot by Ryan Ellis.
1:06 of 3rd period - Shot Misses the Net.
2:39 of 3rd period - Snap shot by David Legwand.
2:39 of 3rd period - Goal by David Legwand - Islanders : 4 - Predators : 5.
2:40 of 3rd period - Joe Thornton wins face-off versus Andy Miele in neutral zone.
3:07 of 3rd period - Nate Schmidt is hit by Ryan Ellis and loses puck.
4:34 of 3rd period - Ryan Ellis is hit by Ryan Mcdonagh.
4:48 of 3rd period - Slapshot by Ryan Ellis.
4:48 of 3rd period - Shot Blocked by Andy Miele.
5:24 of 3rd period - Wrist shot by Zac Rinaldo.
5:24 of 3rd period - Stopped by Viktor Fasth without a rebound.
5:24 of 3rd period - Minor Penalty to Viktor Fasth for Delaying the game.
5:25 of 3rd period - Brendan Gallagher wins face-off versus Joe Thornton in Predators zone.
5:29 of 3rd period - Penalty to Alexander Ovechkin is over, Alexander Ovechkin is back on ice.
6:01 of 3rd period - Nate Schmidt is hit by David Legwand and loses puck.
6:28 of 3rd period - Snap shot by Ryan Mcdonagh.
6:28 of 3rd period - Deflect By Jaden Schwartz.
6:28 of 3rd period - Shot Misses the Net.
6:28 of 3rd period - Puck is out of play.
6:29 of 3rd period - Joe Thornton wins face-off versus Jaden Schwartz in Islanders zone.
6:31 of 3rd period - Minor Penalty to T.J. Fast for Interference.
6:32 of 3rd period - Alexander Ovechkin wins face-off versus Joe Thornton in Islanders zone.
6:40 of 3rd period - Snap shot by Vladimir Tarasenko.
6:40 of 3rd period - Shot Misses the Net.
7:17 of 3rd period - Ryan Ellis is hit by Jaden Schwartz and loses puck.
7:24 of 3rd period - Penalty to Dmitri Kalinin is over, Dmitri Kalinin is back on ice.
8:29 of 3rd period - Dustin Byfuglien is hit by Brendan Gallagher and loses puck.
8:31 of 3rd period - Penalty to T.J. Fast is over, T.J. Fast is back on ice.
8:53 of 3rd period - Wrist shot by Joe Thornton.
8:53 of 3rd period - Stopped by Viktor Fasth with a rebound.
9:11 of 3rd period - Snap shot by T.J. Fast.
9:11 of 3rd period - Deflect By Joe Thornton.
9:11 of 3rd period - Shot Blocked by Justin Abdelkader.
9:11 of 3rd period - Puck is out of play.
9:12 of 3rd period - David Legwand wins face-off versus Byron Bitz in Predators zone.
9:13 of 3rd period - Wrist shot by Vladimir Tarasenko.
9:13 of 3rd period - Stopped by Viktor Fasth with a rebound.
9:26 of 3rd period - Wrist shot by Justin Abdelkader.
9:26 of 3rd period - Stopped by Julien Ellis with a rebound.
9:28 of 3rd period - Slapshot by Justin Faulk.
9:28 of 3rd period - Deflect By Jack Eichel.
9:28 of 3rd period - Shot Misses the Net.
9:28 of 3rd period - Puck is out of play.
9:29 of 3rd period - Jiri Hudler wins face-off versus Alexander Ovechkin in Islanders zone.
9:38 of 3rd period - Ryan Mcdonagh is hit by Ryan Ellis and loses puck.
9:45 of 3rd period - Wrist shot by Maxim Talbot.
9:45 of 3rd period - Shot Misses the Net.
10:06 of 3rd period - Jaden Schwartz is hit by David Legwand and loses puck.
10:16 of 3rd period - Icing by Zac Rinaldo.
10:17 of 3rd period - Jack Eichel wins face-off versus David Legwand in Islanders zone.
10:21 of 3rd period - Minor Penalty to T.J. Fast for Kneeing.
10:22 of 3rd period - Ryan Kesler wins face-off versus Joe Thornton in Islanders zone.
12:21 of 3rd period - Penalty to T.J. Fast is over, T.J. Fast is back on ice.
12:36 of 3rd period - Alexander Edler is hit by Tomas Plekanec and loses puck.
14:23 of 3rd period - Minor Penalty to Tomas Plekanec for Hooking.
14:24 of 3rd period - Ryan Kesler wins face-off versus Joe Thornton in Islanders zone.
14:27 of 3rd period - Slapshot by Mikael Granlund.
14:27 of 3rd period - Shot Blocked by T.J. Fast.
16:08 of 3rd period - Ryan Ellis is hit by Brendan Gallagher and loses puck.
16:23 of 3rd period - Penalty to Tomas Plekanec is over, Tomas Plekanec is back on ice.
16:44 of 3rd period - Ryan Ellis is hit by Justin Abdelkader.
16:58 of 3rd period - Snap shot by Ryan Ellis.
16:58 of 3rd period - Shot Misses the Net.
17:13 of 3rd period - Wrist shot by Ryan Ellis.
17:13 of 3rd period - Stopped by Viktor Fasth with a rebound.
17:15 of 3rd period - Snap shot by Maxim Talbot.
17:15 of 3rd period - Stopped by Viktor Fasth with a rebound.
17:17 of 3rd period - Snap shot by Tomas Fleischmann.
17:17 of 3rd period - Stopped by Viktor Fasth with a rebound.
17:19 of 3rd period - Snap shot by Jiri Hudler.
17:19 of 3rd period - Shot Misses the Net.
17:21 of 3rd period - Slapshot by Maxim Talbot.
17:21 of 3rd period - Stopped by Viktor Fasth with a rebound.
17:23 of 3rd period - Slapshot by Jiri Hudler.
17:23 of 3rd period - Shot Misses the Net.
17:25 of 3rd period - Snap shot by Tomas Fleischmann.
17:25 of 3rd period - Stopped by Viktor Fasth with a rebound.
17:37 of 3rd period - Slapshot by Jaden Schwartz.
17:37 of 3rd period - Shot Misses the Net.
17:43 of 3rd period - Minor Penalty to Zac Rinaldo for Hooking.
17:44 of 3rd period - Maxim Talbot wins face-off versus Ryan Kesler in Islanders zone.
17:57 of 3rd period - Slapshot by Carl Klingberg.
17:57 of 3rd period - Shot Blocked by Ryan Mcdonagh.
18:05 of 3rd period - Ryan Kesler is hit by Maxim Talbot.
18:15 of 3rd period - Slapshot by Alexander Edler.
18:15 of 3rd period - Goal by Alexander Edler - Islanders : 4 - Predators : 6.
18:16 of 3rd period - Maxim Talbot wins face-off versus Jack Eichel in neutral zone.
18:29 of 3rd period - Snap shot by Jack Eichel.
18:29 of 3rd period - Stopped by Julien Ellis with a rebound.
18:31 of 3rd period - Wrist shot by Byron Bitz.
18:31 of 3rd period - Stopped by Julien Ellis without a rebound.
18:32 of 3rd period - Nik Antropov wins face-off versus Tomas Plekanec in Islanders zone.
18:45 of 3rd period - Wrist shot by Alex Killorn.
18:45 of 3rd period - Shot Misses the Net.
18:47 of 3rd period - Snap shot by Ryan Mcdonagh.
18:47 of 3rd period - Stopped by Julien Ellis without a rebound.
18:48 of 3rd period - Maxim Talbot wins face-off versus Byron Bitz in Islanders zone.
18:57 of 3rd period - Wrist shot by Tomas Fleischmann.
18:57 of 3rd period - Stopped by Viktor Fasth without a rebound.
18:58 of 3rd period - Jack Eichel wins face-off versus Maxim Talbot in Predators zone.
19:11 of 3rd period - Snap shot by Justin Abdelkader.
19:11 of 3rd period - Deflect By Jack Eichel.
19:11 of 3rd period - Shot Blocked by Ryan Ellis.
19:11 of 3rd period - Puck is out of play.
19:12 of 3rd period - Tomas Plekanec wins face-off versus Nik Antropov in Islanders zone.
19:19 of 3rd period - Nik Antropov is hit by Jay Bouwmeester and loses puck.
19:27 of 3rd period - Off-side.
19:28 of 3rd period - Maxim Talbot wins face-off versus Jack Eichel in neutral zone.
19:30 of 3rd period - Ryan Ellis is hit by Jack Eichel and loses puck.
Goals for this period are 1 for Islanders vs 1 for Predators.
Shots for this period are 11 for Islanders vs 5 for Predators.